 Dungeon Crawl Stone Soup version 0.27.1-34-g3ba077fa99 (webtiles) character file.

Game seed: 8500093769356676652

150 Delamore the Covert (level 5, -2/34 HPs)
             Began as an Octopode Brigand on Feb 5, 2022.
             Slain by crompyre's ghost (3 damage)
             ... on level 3 of the Dungeon.
             The game lasted 00:02:39 (3410 turns).

Delamore the Covert (Octopode Brigand)              Turns: 3410, Time: 00:02:39

Health: -2/34      AC:  1    Str: 11    XL:     5   Next: 32%
Magic:  5/5        EV: 12    Int: 13    God:
Gold:   97         SH:  0    Dex: 14    Spells: 4/4 levels left

rFire    . . .     SeeInvis .   h - +1 rapier (drain)
rCold    . . .     Faith    .   (no shield)
rNeg     . . .     Spirit   .   (helmet restricted)
rPois    .         Reflect  .   (no amulet)
rElec    .         Harm     .   e - ring of resist corrosion
rCorr    +         Rampage  .   (no ring)
Will     .....                  (no ring)
Stlth    +++++.....             (no ring)
HPRegen  0.11/turn              (no ring)
MPRegen  0.09/turn              (no ring)
                                (no ring)
                                (no ring)

@: brilliant
A: almost no armour, amphibious, 8 rings, camouflage 1, gelatinous body 1,
(nimble swimmer 1), tentacles
a: no special abilities


You were on level 3 of the Dungeon.
You visited 1 branch of the dungeon, and saw 3 of its levels.

You collected 127 gold pieces.
You spent 30 gold pieces at shops.

Inventory:

Hand Weapons
 a - a +2 dagger
 h - a +1 rapier of draining (weapon)
Missiles
 b - 34 poisoned darts (quivered)
 c - 2 curare-tipped darts
Jewellery
 e - a ring of resist corrosion (left tentacle)
Scrolls
 f - a scroll of teleportation


   Skills:
 - Level 2.0 Fighting
 + Level 3.4 Short Blades
 - Level 2.0 Throwing
 - Level 1.0 Dodging
 * Level 8.0 Stealth


You had 4 spell levels left.
You didn't know any spells.
Your spell library was empty.

Dungeon Overview and Level Annotations

Branches:
Dungeon (3/15)

Altars:
Gozag

Shops:
D:2 *

Annotations:
D:3 crompyre's ghost, weakling DsBe


Innate Abilities, Weirdness & Mutations

You cannot wear most types of armour.
You are amphibious.
You can wear up to eight rings at the same time.
Your skin changes colour to match your surroundings (Stealth+).
Your rubbery body absorbs attacks. (AC +1, EV +1)
((You are camouflaged near water. (Stealth+)))
You have tentacles for arms and can constrict up to eight enemies at once.


Message History

Crompyre's ghost barely misses you.
You hit crompyre's ghost.
Crompyre's ghost is heavily damaged.
Crompyre's ghost completely misses you.
You hit crompyre's ghost but do no damage.
You squeeze crompyre's ghost, but do no damage.
Crompyre's ghost is heavily damaged.
Crompyre's ghost hits you.
* * * LOW HITPOINT WARNING * * *
You completely miss crompyre's ghost.
Crompyre's ghost is heavily damaged.
Crompyre's ghost completely misses you.
You hit crompyre's ghost.
Crompyre's ghost is heavily damaged.
Crompyre's ghost closely misses you.
You hit crompyre's ghost but do no damage.
Crompyre's ghost is heavily damaged.
Crompyre's ghost closely misses you.
You hit crompyre's ghost.
Crompyre's ghost is severely damaged.
Crompyre's ghost hits you.
* * * LOW HITPOINT WARNING * * *
You hit crompyre's ghost.
Crompyre's ghost is severely damaged.
Crompyre's ghost hits you.
* * * LOW HITPOINT WARNING * * *
You feel better. Crompyre's ghost hits you!
* * * LOW HITPOINT WARNING * * *
You hit crompyre's ghost.
Crompyre's ghost is almost destroyed.
Crompyre's ghost barely misses you.
You closely miss crompyre's ghost.
Crompyre's ghost is almost destroyed.
Crompyre's ghost hits you.
* * * LOW HITPOINT WARNING * * *
You hit crompyre's ghost.
Crompyre's ghost is almost destroyed.
Crompyre's ghost whispers, "You will understand me better in a moment."
Crompyre's ghost hits you.
You die...

#########.# #...# #.##
#########.# #...# ##.##
.......##.# #...########..##
.#####.##.########..........#.#..
.#####.##............######.#.##.
[##......W.###.#.##.## #........
.......###.#...#.##.#####.#.##.#.
.......# #.....W..#..........#.#.
.....).# #(#...#@...##.#..#..#.#.
#.....## #.......#..##.#.......##
#.....# #..>...###....#.......#
####### #.####..#...........#.#
#..........####..##.#.#
##.########.......##.#(#
#......####.#####......#
#..###.##.....# ####.###
#....#.##.....######.#


You could see crompyre's ghost.

Vanquished Creatures
  A scorpion (D:3)
  3 adders
  A worm (D:2)
  4 dart slugs
  3 orcs
  4 bats
  4 endoplasms
  A giant cockroach (D:1)
  2 goblins
  5 hobgoblins
  2 jackals (D:1)
  7 quokkas
  4 ball pythons
  3 frilled lizards
  3 kobolds
  5 rats
52 creatures vanquished.

Notes
Turn   | Place    | Note
-------+----------+-------------------------------------------
     0 | D:1      | Delamore the Octopode Brigand began the quest for the Orb.
     0 | D:1      | Reached XP level 1. HP: 14/14 MP: 1/1
   386 | D:1      | Reached XP level 2. HP: 19/19 MP: 2/2
   553 | D:1      | Reached skill level 6 in Stealth
   944 | D:1      | Reached XP level 3. HP: 13/24 MP: 3/3
  1218 | D:2      | Found Ycouhoxt's General Store.
  1228 | D:2      | Bought a potion of curing for 30 gold pieces
  2168 | D:2      | Found a faded altar of an unknown god.
  2317 | D:3      | Reached XP level 4. HP: 28/29 MP: 4/4
  2409 | D:3      | Reached skill level 7 in Stealth
  2837 | D:3      | Noticed a scorpion
  2845 | D:3      | Killed a scorpion
  2846 | D:3      | Reached XP level 5. HP: 34/34 MP: 5/5
  2897 | D:3      | Found a runed translucent gate.
  2898 | D:3      | Found a runed translucent gate.
  2899 | D:3      | Found a runed translucent gate.
  2900 | D:3      | Found an opulent altar of Gozag.
  2903 | D:3      | Noticed a black bear
  2908 | D:3      | Noticed crompyre's ghost (weakling DsBe)
  3136 | D:3      | Reached skill level 8 in Stealth
  3409 | D:3      | HP: 1/34 [crompyre's ghost (6)]
  3410 | D:3      | Slain by crompyre's ghost

Illustrated notes

Levels and vault maps discovered:
D:1:      heliophobic_arrival_glass_houses, layout_loops_corners
D:2:      layout_loops_cross, shapermc_ecumenical_altar_hornbeckon,
          serial_shops, nicolae_shop_crystal
D:3:      layout_loops_cross, ebering_ghost_gozag

Skill      XL: |  1  2  3  4  5 |
---------------+----------------+-----
Stealth        | 6 7 8 |  8.0
Short Blades   | 3 |  3.4
Fighting       | |  2.0
Throwing       | |  2.0
Dodging        | |  1.0

Action                   |  1- 3 |  4- 6 || total
-------------------------+-------+-------++-------
Melee: Dagger            |    69 |    10 ||    79
       Constrict         |    14 |     5 ||    19
       Tentacles         |     9 |     4 ||    13
       Rapier            |       |    32 ||    32
  Use: Scroll            |     4 |     1 ||     5
       Potion            |       |     2 ||     2
 Stab: Sleeping          |    10 |     8 ||    18
Armor: Skin              |     4 |     3 ||     7
Dodge: Dodged            |    42 |    26 ||    68
